 Dungeon Crawl Stone Soup version 0.23.2-33-g5129a83184 (webtiles) character file.

Game seed: 10116671844099900610

154 MalarOregon the Sneak (level 5, 45/45 HPs)
             Began as a Ghoul Wanderer on July 6, 2019.
             Quit the game on level 3 of the Dungeon on July 8, 2019.
             The game lasted 00:05:12 (2824 turns).

MalarOregon the Sneak (Ghoul Wanderer)              Turns: 2824, Time: 00:05:12

Health: 45/45      AC: 13    Str: 17    XL:     5   Next: 36%
Magic:  4/4        EV:  7    Int:  7    God:
Gold:   100        SH:  3    Dex:  8    Spells: 4/4 levels left

rFire    . . .     SeeInvis .     - Unarmed
rCold    + + .     Gourm    .   c - +0 buckler
rNeg     + + +     Faith    .   r - +1 chain mail {rC+}
rPois    ∞         Spirit   .   k - +0 helmet
rElec    .         Reflect  .   n - scarf {repulsion}
rCorr    .         Harm     .   q - +2 pair of gloves
MR       .....                  (no boots)
Stlth    ..........             (no amulet)
HPRegen  0.15/turn              (no ring)
MPRegen  0.09/turn              (no ring)

@: rotting, repel missiles
A: rotting body, claws 1, carnivore, cold resistance 1, negative energy
resistance 3, inhibited regeneration, torment resistance, unbreathing
a: no special abilities


You were on level 3 of the Dungeon.
You were not hungry.

You visited 1 branch of the dungeon, and saw 3 of its levels.

You collected 100 gold pieces.

Inventory:

Armour
 c - a +0 buckler (worn)
 k - a +0 helmet (worn)
   (You took it off Robin on level 2 of the Dungeon)
 n - a scarf of repulsion (worn)
   (You found it on level 2 of the Dungeon)
 q - a +2 pair of gloves (worn)
   (You found it on level 2 of the Dungeon)
 r - a +1 chain mail of cold resistance (worn)
   (You found it on level 2 of the Dungeon)
Scrolls
 f - 2 scrolls of teleportation {@r4}
 j - a scroll of enchant armour
Potions
 d - a potion of degeneration {unknown}
 i - a potion of heal wounds {@q2}
 l - a potion of cancellation
 m - a potion of haste {unknown}
 o - a potion of agility
Comestibles
 e - 6 rations {!d}


   Skills:
 + Level 3.2 Fighting
   Level 1.7 Short Blades
 + Level 2.1 Dodging
 + Level 4.2 Stealth
 + Level 2.1 Shields
 + Level 2.5 Unarmed Combat


You had 4 spell levels left.
You didn't know any spells.
Your spell library was empty.

Dungeon Overview and Level Annotations

Branches:
Dungeon (3/15)

Altars:


Innate Abilities, Weirdness & Mutations

Your body is rotting away.
You thrive on raw meat.
You are immune to poison.
You have sharp fingernails.
You are carnivorous and can eat meat at any time.
Your flesh is cold resistant. (rC+)
You are immune to negative energy. (rN+++)
You do not regenerate when monsters are visible.
You are immune to unholy pain and torment.
You can survive without breathing.


Message History

The giant cockroach bites you but does no damage.
You hit the giant cockroach. You block the giant cockroach's attack.
You hit the giant cockroach but do no damage.
You block the giant cockroach's attack. The giant cockroach bites you.
Your chain mail prevents you from hitting the giant cockroach.
The giant cockroach bites you but does no damage.
You hit the giant cockroach.
You kill the giant cockroach!
You see here a bat corpse.
You butcher the bat corpse.
b - a chunk of flesh You see here a bat skeleton.
Things that are here:
a +3 club; a +0 scale mail There isn't anything to butcher here.
You start resting.
Eating a chunk of flesh.
You eat the chunk of flesh.
You feel more resilient.
This raw flesh tastes great!
You see here a bat skeleton.
You now have 97 gold pieces (gained 17).
You now have 100 gold pieces (gained 3).
Found a stone staircase leading up.
Found a scroll labeled QUSTOZEBAHE.
f - 3 scrolls labeled QUSTOZEBAHE (gained 1) No target in view!
Wield which item (- for none, * to show all)? (? for menu, Esc to quit)
Okay, then.
As you read the scroll labeled QUSTOZEBAHE, it crumbles to dust.
You feel strangely unstable.
It was a scroll of teleportation.
As you read the scroll labeled IMUOCR IXZI, it crumbles to dust.
It is a scroll of enchant armour.
Your +1 pair of gloves glows green for a moment.
As you read the scroll labeled YPPIYRGH FAAWA, it crumbles to dust.
It is a scroll of identify.
l - a potion of cancellation
As you read the scroll of identify {@r1}, it crumbles to dust.
i - a potion of heal wounds
As you read the scroll of identify {@r1}, it crumbles to dust.
o - a potion of agility Your surroundings suddenly seem different.
Okay, then.
As you read the scroll labeled HUELLU LOIJOU, it crumbles to dust.
It is a scroll of enchant weapon.
You aren't carrying any weapons that can be enchanted.
As you read the scroll labeled PIZIKH ABRAILU, it crumbles to dust.
You assume a fearsome visage.
Nothing appears to happen.
It was a scroll of fear.
As you read the scroll labeled UCOBELL ATOJ, it crumbles to dust.
It is a scroll of amnesia.
You feel forgetful for a moment.
Welcome back, MalarOregon the Ghoul Wanderer.

#...... #)##.##
#####.##.## #####..
.....##
...#.###.#####
#.#(###.#....
########..>.........
#................###
#..@.....#.###...#
########.#.# #.#.#
#.#.# #.#.# #
#####)#÷###.#.. #.
#...........##.# .
#.. #.###...÷.......
# .## ..# #.#
#.########## .. ..
#.# #.# #.# ... ..
#.##.# #.#


There were no monsters in sight!

Vanquished Creatures
  Ijyb (D:3)
  Robin (D:2)
  3 gnolls (D:2)
  2 adders (D:3)
  3 worms (D:2)
  2 leopard geckos
  4 giant cockroaches
  5 hobgoblins
  2 jackals (D:1)
  8 bats
  2 frilled lizards
  14 goblins
  5 kobolds
  6 rats
58 creatures vanquished.

Notes
Turn   | Place    | Note
-------+----------+-------------------------------------------
     0 | D:1      | MalarOregon the Ghoul Wanderer began the quest for the Orb.
     0 | D:1      | MalarOregon set off with the following items: a +0 short
                  | sword, a +2 leather armour, a +0 buckler, a +0 dagger, a
                  | ration {!d}
     0 | D:1      | Reached XP level 1. HP: 17/17 MP: 0/0
   419 | D:1      | Reached XP level 2. HP: 25/25 MP: 1/1
   786 | D:1      | Reached XP level 3. HP: 30/30 MP: 2/2
  1167 | D:2      | Noticed Robin
  1182 | D:2      | Killed Robin
  1447 | D:2      | Reached XP level 4. HP: 26/37 MP: 3/3
  1457 | D:2      | Reached skill level 4 in Stealth
  2603 | D:3      | Reached XP level 5. HP: 37/45 MP: 4/4
  2666 | D:3      | Noticed Ijyb
  2746 | D:3      | Killed Ijyb
  2824 | D:3      | Quit the game

Skill      XL: |  1  2  3  4 |
---------------+-------------+-----
Unarmed Combat | 2 |  2.5
Fighting       | 3 |  3.2
Stealth        | 4 |  4.2
Shields        | 2 |  2.1
Dodging        | 2 |  2.1
Short Blades   | |  1.7

Action                   |  1- 3 |  4- 6 || total
-------------------------+-------+-------++-------
Melee: Unarmed           |   159 |   179 ||   338
  Use: Scroll            |       |     8 ||     8
 Stab: Sleeping          |     6 |     2 ||     8
  Eat: Chunk             |     2 |    15 ||    17
Armor: Leather armour    |    43 |     7 ||    50
       Chain mail        |       |   118 ||   118
Dodge: Dodged            |    90 |    62 ||   152
       Deflected         |       |     5 ||     5
Block: Buckler           |    12 |    35 ||    47
